 Dungeon Crawl Stone Soup version 0.22-a0-587-g7d32d7c (webtiles) character file.

2876 opiumtea the Thaumaturge (level 9, -2/66 HPs)
             Began as a Gnoll Wizard on July 4, 2018.
             Was an Initiate of Ashenzari.
             Slain by a killer bee (7 damage)
             ... on level 8 of the Dungeon.
             The game lasted 00:40:12 (10894 turns).

opiumtea the Thaumaturge (Gnoll Wizard)            Turns: 10894, Time: 00:40:13

Health: -2/66      AC:  3    Str: 11    XL:     9   Next: 76%
Magic:  14/21      EV: 15    Int: 29    God:    Ashenzari [......]
Gold:   73         SH:  0    Dex: 13    Spells: 11/25 levels left

rFire    x . .     SeeInvis +   I - +3 spear
rCold    + . .     Gourm    .   (no shield)
rNeg     . . .     Faith    .   H - +1 robe of the Pleiades {rPois Str+2 Int+4 SInv} (curse)
rPois    +         Spirit   .   b - +0 hat
rElec    .         Reflect  .   (no cloak)
rCorr    .         Harm     +   (no gloves)
MR       .....                  (no boots)
Stlth    +++.......             q - amulet of harm
HPRegen  0.21/turn              j - ring of ice
MPRegen  0.17/turn              d - ring of see invisible

@: no status effects
A: distributed training, fangs 1, strong nose
a: Curse Item, Renounce Religion


You were on level 8 of the Dungeon.
You worshipped Ashenzari.
Ashenzari was noncommittal.
You were not hungry.

You visited 2 branches of the dungeon, and saw 10 of its levels.

You collected 373 gold pieces.
You spent 300 gold pieces at shops.

Inventory:

Hand Weapons
 i - a +1 quarterstaff
 r - a +0 great mace
 D - a +0 battleaxe
 I - a +3 spear (weapon)
Armour
 b - a +0 hat (worn)
 e - a +0 robe
 m - a +0 robe
 s - a +2 scale mail of positive energy
 H - the cursed +1 robe of the Pleiades (worn) {rPois Str+2 Int+4 SInv}
   (You bought it in a shop on level 7 of the Dungeon)

   It affects your strength (+2).
   It affects your intelligence (+4).
   It protects you from poison.
   It lets you see invisible.
   It has a curse placed upon it.
Jewellery
 d - a ring of see invisible (right hand)
 j - a ring of ice (left hand)
 o - an uncursed ring of positive energy
 q - an amulet of harm (around neck)
Wands
 B - a wand of paralysis (14)
 G - a wand of flame (32)
Scrolls
 a - a scroll of acquirement {unknown}
 g - 2 scrolls of teleportation
 h - a scroll of noise {unknown}
 v - a scroll of enchant weapon
 w - 2 scrolls of magic mapping
 y - 2 scrolls of amnesia
 F - a scroll of blinking
 J - a scroll of identify
Potions
 c - 10 potions of curing
 f - 4 potions of flight
 l - 5 potions of lignification
 n - a potion of magic
 t - 2 potions of agility
 u - a potion of degeneration {unknown}
 x - 3 potions of haste
 z - 2 potions of invisibility {unknown}
 A - 3 potions of brilliance
 C - a potion of cancellation
Comestibles
 k - 11 rations
 E - 2 chunks of flesh


   Skills:
 + Level 4.4 Fighting
 + Level 4.4 Short Blades
 + Level 4.4 Long Blades
 + Level 4.4 Axes
 + Level 4.4 Maces & Flails
 + Level 4.4 Polearms
 + Level 4.4 Staves
 + Level 4.4 Slings
 + Level 4.4 Bows
 + Level 4.4 Crossbows
 + Level 4.4 Throwing
 + Level 4.4 Armour
 + Level 6.5 Dodging
 + Level 6.2 Stealth
 + Level 4.4 Shields
 + Level 4.4 Unarmed Combat
 + Level 8.5 Spellcasting
 + Level 4.3 Conjurations
 + Level 3.7 Hexes
 + Level 3.7 Charms
 + Level 4.3 Summonings
 + Level 3.7 Necromancy
 + Level 4.3 Translocations
 + Level 3.7 Transmutations
 + Level 3.7 Fire Magic
 + Level 3.7 Ice Magic
 + Level 3.7 Air Magic
 + Level 3.7 Earth Magic
 + Level 3.7 Poison Magic
 + Level 4.9 Invocations
 + Level 4.4 Evocations


You had 11 spell levels left.
You knew the following spells:

 Your Spells              Type           Power        Failure   Level  Hunger
a - Magic Dart            Conj           ####         1%          1    None
b - Blink                 Tloc           N/A          1%          2    None
c - Call Imp              Summ           #####...     1%          2    None
d - Conjure Flame         Conj/Fire      #####...     2%          3    None
e - Mephitic Cloud        Conj/Pois/Air  #####...     2%          3    None
f - Spectral Weapon       Hex/Chrm       ####....     2%          3    None

Your spell library contained the following spells:

 Spells                   Type           Power        Failure   Level  Hunger
 Apportation              Tloc           #####.       1%          1    None
 Slow                     Hex            ####....     1%          2    None
 Summon Small Mammal      Summ           ####         1%          1    None
 Animate Skeleton         Necr           N/A          1%          1    None
 Regeneration             Chrm/Necr      ####......   2%          3    None
 Confusing Touch          Hex            ####..       1%          1    None
 Shroud of Golubria       Chrm/Tloc      #####.....   1%          2    None
 Infusion                 Chrm           ####         1%          1    None
 Song of Slaying          Chrm           ####....     1%          2    None


Dungeon Overview and Level Annotations

Branches:
Dungeon (9/15)             Temple (1/1) D:6
   Lair: D:8-11         Orc: D:9-12

Altars:
Ashenzari
Elyvilon
Fedhas
Gozag
Hepliaklqana
Kikubaaqudgha
Okawaru
Ru
Sif Muna
Uskayaw
Wu Jian
Xom
Yredelemnul
Zin
The Shining One

Shops:
D:4 *   D:7 *

Annotations:
D:9 3 runed doors, ThisFiasco's ghost, novice DsBe


Innate Abilities, Weirdness & Mutations

Your experience applies equally to all skills.
You have very sharp teeth.
Your uncanny sense of smell can sniff out nearby items.


Message History

Your spectral weapon closely misses the killer bee.
The killer bee stings your white imp.
Your white imp dies!
You feel sick. The killer bee stings you.
* * * LOW HITPOINT WARNING * * *
You are lethally poisoned!
The killer bee poisons you! The killer bee barely misses you.
You barely miss the killer bee.
You bite the killer bee, but do no damage.
The killer bee is heavily wounded.
* * * LOW HITPOINT WARNING * * *
You feel sick.
Your spectral weapon hits the killer bee.
The killer bee stings you!
* * * LOW HITPOINT WARNING * * *
The killer bee misses you.
You feel better. The killer bee stings you.
* * * LOW HITPOINT WARNING * * *
The killer bee stings you.
You die...

##### #...
########.########
.......@y(......#
.#######††#.###.#
#Z.#.# #†...#
....## #..... ∆
......# ###....#
.....#


You could see a killer bee, a hound skeleton and a friendly spectral enchanted
spear.

Vanquished Creatures
  Prince Ribbit (D:5)
  Eustachio (D:4)
  An orc warrior (D:7)
  2 ice beasts
  2 black bears
  3 sky beasts (D:7)
  A phantom (D:6)
  2 ogres
  4 bullfrogs
  3 scorpions
  A water moccasin skeleton (D:7)
  4 killer bees (D:8)
  A howler monkey (D:6)
  2 crimson imps
  A bullfrog skeleton (D:6)
  A hound (D:6)
  A centaur skeleton (D:4)
  A bullfrog zombie (D:5)
  A gnoll shaman (D:7)
  2 iguanas
  3 orc wizards
  Natasha (D:3)
  6 worker ants
  A hound zombie (D:5)
  3 hound skeletons
  Robin (D:1)
  4 gnolls (D:7)
  8 adders
  2 oozes (D:2)
  An adder skeleton (D:4)
  3 worms
  A dart slug (D:5)
  4 leopard geckos
  14 orcs
  7 bats
  4 giant cockroaches
  12 goblins
  7 hobgoblins
  9 jackals
  4 quokkas
  2 ball pythons
  A ball python skeleton (D:4)
  3 frilled lizards
  11 kobolds
  A leopard gecko skeleton (D:4)
  7 rats
155 creatures vanquished.

Vanquished Creatures (collateral kills)
  Sigmund (D:2)
  An orc wizard (D:5)
  Crazy Yiuf (D:2)
  Jessica (D:2)
  Natasha (twice) (D:2 D:3)
  A worker ant (D:2)
  A gnoll (D:7)
  A leopard gecko (D:5)
  2 orcs
  A quokka zombie (D:5)
12 creatures vanquished.

Grand Total: 167 creatures vanquished

Notes
Turn   | Place    | Note
-------+----------+-------------------------------------------
     0 | D:1      | opiumtea the Gnoll Wizard began the quest for the Orb.
     0 | D:1      | Reached XP level 1. HP: 13/13 MP: 8/8
   258 | D:1      | Reached XP level 2. HP: 19/19 MP: 3/10
   737 | D:1      | Reached XP level 3. HP: 25/25 MP: 5/11
  1003 | D:2      | Noticed Jessica
  1115 | D:2      | Reached skill level 1 in Invocations
  1146 | D:2      | Noticed Robin
  1268 | D:1      | Killed Robin
  1315 | D:1      | Learned a level 2 spell: Blink
  1318 | D:1      | Learned a level 2 spell: Call Imp
  1546 | D:2      | Noticed Natasha
  1554 | D:2      | Killed Natasha
  1554 | D:2      | Reached skill level 1 in Fighting
  1554 | D:2      | Reached skill level 1 in Short Blades
  1554 | D:2      | Reached skill level 1 in Long Blades
  1554 | D:2      | Reached skill level 1 in Axes
  1554 | D:2      | Reached skill level 1 in Maces & Flails
  1554 | D:2      | Reached skill level 1 in Polearms
  1554 | D:2      | Reached skill level 1 in Staves
  1554 | D:2      | Reached skill level 1 in Slings
  1554 | D:2      | Reached skill level 1 in Bows
  1554 | D:2      | Reached skill level 1 in Crossbows
  1554 | D:2      | Reached skill level 1 in Throwing
  1554 | D:2      | Reached skill level 1 in Armour
  1554 | D:2      | Reached skill level 1 in Shields
  1554 | D:2      | Reached skill level 1 in Unarmed Combat
  1554 | D:2      | Reached skill level 1 in Evocations
  1554 | D:2      | Reached XP level 4. HP: 23/32 MP: 3/13
  1795 | D:2      | Found a runed door.
  1966 | D:2      | Reached skill level 1 in Hexes
  1966 | D:2      | Reached skill level 1 in Charms
  1966 | D:2      | Reached skill level 1 in Necromancy
  1966 | D:2      | Reached skill level 1 in Transmutations
  1966 | D:2      | Reached skill level 1 in Fire Magic
  1966 | D:2      | Reached skill level 1 in Ice Magic
  1966 | D:2      | Reached skill level 1 in Air Magic
  1966 | D:2      | Reached skill level 1 in Earth Magic
  1966 | D:2      | Reached skill level 1 in Poison Magic
  1999 | D:2      | Killed Jessica
  2214 | D:2      | Reached XP level 5. HP: 37/37 MP: 9/14
  2219 | D:2      | Learned a level 3 spell: Conjure Flame
  2223 | D:2      | Learned a level 3 spell: Mephitic Cloud
  2363 | D:2      | Noticed Sigmund
  2389 | D:2      | Killed Sigmund
  2530 | D:2      | Found an ornate altar of the Wu Jian Council.
  2555 | D:2      | Reached XP level 6. HP: 16/44 MP: 0/16
  3187 | D:2      | Noticed Crazy Yiuf
  3203 | D:2      | Killed Crazy Yiuf
  3624 | D:3      | Noticed Natasha
  3629 | D:3      | Killed Natasha
  3790 | D:3      | Reached skill level 5 in Dodging
  3790 | D:3      | Noticed Natasha
  4127 | D:3      | Killed Natasha
  4254 | D:3      | Found a hide-covered altar of Uskayaw.
  4847 | D:4      | Reached XP level 7. HP: 50/50 MP: 11/18
  4897 | D:4      | Found an opulent altar of Gozag.
  4899 | D:4      | Found Gozag's Platinum Reserve.
  5745 | D:4      | Found a glowing golden altar of the Shining One.
  5875 | D:4      | Noticed Eustachio
  6255 | D:4      | Killed Eustachio
  6255 | D:4      | Reached skill level 5 in Stealth
  6463 | D:5      | Entered Level 5 of the Dungeon
  6645 | D:5      | Noticed Prince Ribbit
  6764 | D:5      | Killed Prince Ribbit
  6764 | D:5      | Reached XP level 8. HP: 43/57 MP: 4/19
  7419 | D:6      | Found a staircase to the Ecumenical Temple.
  7426 | Temple   | Entered the Ecumenical Temple
  7939 | D:6      | Found a hazy altar of Hepliaklqana.
  8061 | D:6      | Reached skill level 8 in Spellcasting
  8211 | D:6      | Learned a level 3 spell: Spectral Weapon
  8252 | D:6      | Found a shattered altar of Ashenzari.
  8278 | D:6      | Became a worshipper of Ashenzari the Shackled
  9244 | D:7      | Reached XP level 9. HP: 65/65 MP: 16/21
  9966 | D:7      | Found Camm's Assorted Antiques.
  9969 | D:7      | Bought a shiny wooden wand for 124 gold pieces
  9969 | D:7      | Bought a tattered robe for 176 gold pieces
  9969 | D:7      | Identified the +1 robe of the Pleiades {rPois Str+2 Int+4 SInv} (You bought it in a shop on level 7 of the Dungeon)
 10777 | D:7      | You fall through a shaft for 2 floors!
 10777 | D:9      | Found a runed gate.
 10777 | D:9      | Noticed ThisFiasco's ghost (novice DsBe)
 10777 | D:9      | Noticed a nine-headed hydra
 10835 | D:9      | Found a runed gate.
 10836 | D:9      | Found a runed gate.
 10893 | D:8      | HP: 2/66 [killer bee (8)]
 10894 | D:8      | Slain by a killer bee

Vault maps used:
D:1:      ncdulo_wetmaze
D:2:      lemuel_crystal_altar, uniq_natasha, uniq_crazy_yiuf_cottage,
          uniq_jessica, uniq_sigmund, uniq_robin
D:3:      eat_drink_and_be_merry_uskayaw, first_ration, serial_park_tiny_pond
D:4:      old_standard_altar, nicolae_gozag_zags_fifth_avenue, uniq_eustachio
D:5:      uniq_prince_ribbit1
D:6:      evilmike_ruin_ashenzari, kennysheep_mini,
          minmay_temple_entry_butterflies, serial_co_window_serial,
          co_window_paths_a, co_window_corner_a, co_window_paths_a,
          co_window_corner_a, co_window_of_opportunity_a,
          co_window_unsneaky_path_b, co_window_corner_b,
          co_window_unsneaky_path_a, co_window_broadway_b, co_window_cross_3,
          glass_columns_c, glass_columns_a, glass_columns_a, glass_columns_a
D:7:      serial_shops, kennysheep_mini_moat
D:8:      nemelex_xobeh_ov_fountains_minmay, led_sif_book
D:9:      minitemple, nicolae_dithmenos_the_darkroom, vehumet_crystals,
          gammafunk_ghost_hydra_chop
Temple:   compressed_dpeg_triangle_lava_temple

Skill      XL: |  1  2  3  4  5  6  7  8  9 |
---------------+----------------------------+-----
Conjurations   | 2 3 4 |  4.3
Summonings     | 2 3 4 |  4.3
Translocations | 2 3 4 |  4.3
Invocations    | 1 2 3 4 |  4.9
Fighting       | 1 2 3 4 |  4.4
Short Blades   | 1 2 3 4 |  4.4
Long Blades    | 1 2 3 4 |  4.4
Axes           | 1 2 3 4 |  4.4
Maces & Flails | 1 2 3 4 |  4.4
Polearms       | 1 2 3 4 |  4.4
Staves         | 1 2 3 4 |  4.4
Slings         | 1 2 3 4 |  4.4
Bows           | 1 2 3 4 |  4.4
Crossbows      | 1 2 3 4 |  4.4
Throwing       | 1 2 3 4 |  4.4
Armour         | 1 2 3 4 |  4.4
Shields        | 1 2 3 4 |  4.4
Unarmed Combat | 1 2 3 4 |  4.4
Evocations     | 1 2 3 4 |  4.4
Hexes          | 1 2 3 |  3.7
Charms         | 1 2 3 |  3.7
Necromancy     | 1 2 3 |  3.7
Transmutations | 1 2 3 |  3.7
Fire Magic     | 1 2 3 |  3.7
Ice Magic      | 1 2 3 |  3.7
Air Magic      | 1 2 3 |  3.7
Earth Magic    | 1 2 3 |  3.7
Poison Magic   | 1 2 3 |  3.7
Dodging        | 5 6 |  6.5
Stealth        | 5 6 |  6.2
Spellcasting   | 8 |  8.5

Action                   |  1- 3 |  4- 6 |  7- 9 || total
-------------------------+-------+-------+-------++-------
Melee: Club              |     6 |       |       ||     6
       Quarterstaff      |       |     1 |    16 ||    17
       Scythe            |       |     1 |     3 ||     4
       Battleaxe         |       |       |    39 ||    39
       Bite              |       |       |     6 ||     6
       Spear             |       |       |    19 ||    19
 Cast: Magic Dart        |    96 |   126 |   296 ||   518
       Call Imp          |     1 |    19 |    19 ||    39
       Mephitic Cloud    |       |     2 |     5 ||     7
       Conjure Flame     |       |     1 |     1 ||     2
       Spectral Weapon   |       |       |    13 ||    13
Invok: Curse Item        |       |       |     1 ||     1
  Use: Potion            |     3 |       |     3 ||     6
       Scroll            |     1 |     9 |     8 ||    18
 Stab: Sleeping          |       |     1 |       ||     1
       Confused          |       |       |     1 ||     1
  Eat: Chunk             |     1 |     7 |    12 ||    20
       Ration            |       |     1 |     2 ||     3
Armor: Robe              |     1 |     1 |    30 ||    32
Dodge: Dodged            |    32 |    27 |   166 ||   225

Table legend:
 A = Spawn XP
 B = Non-spawn XP
 C = Spawn XP percentage of total XP
 D = Spawn monster count
 E = Non-spawn monster count
 F = Spawn count percentage of total count
 G = Total turns spent on level
                    A         B        C        D         E        F      G
               +---------+---------+-------+---------+---------+-------+---------
         Total |       0 |    4109 |   0.0 |       0 |     167 |   0.0 | 10894
               +---------+---------+-------+---------+---------+-------+---------
           D:1 |       0 |      55 |   0.0 |       0 |      28 |   0.0 |  1397
           D:2 |       0 |     321 |   0.0 |       0 |      33 |   0.0 |  2059
           D:3 |       0 |     123 |   0.0 |       0 |      16 |   0.0 |  1280
           D:4 |       0 |     540 |   0.0 |       0 |      24 |   0.0 |  1727
           D:5 |       0 |     570 |   0.0 |       0 |      18 |   0.0 |   956
           D:6 |       0 |     632 |   0.0 |       0 |      12 |   0.0 |  1436
           D:7 |       0 |    1475 |   0.0 |       0 |      29 |   0.0 |  1665
           D:8 |       0 |     235 |   0.0 |       0 |       4 |   0.0 |    29
           D:9 |       0 |     158 |   0.0 |       0 |       3 |   0.0 |    88
               +---------+---------+-------+---------+---------+-------+---------
